[Event "ICCopen2017"]
[Site "Internet Chess Club"]
[Date "2017.03.26"]
[Round "6"]
[White "herbyeddy"]
[Black "PITCHUS"]
[Result "1-0"]
[ICCResult "Black forfeits on time"]
[WhiteElo "1540"]
[BlackElo "1721"]
[Opening "Caro-Kann defense"]
[ECO "B15"]
[NIC "CK.05"]
[Time "20:07:30"]
[TimeControl "180+0"]

1. e4 c6 2. d4 d5 3. Nc3 dxe4 4. Nxe4 Nf6 5. Ng5 h6 6. N5f3 g5 7. Bc4 Bg7 8.
h3 Bf5 9. Ne2 e6 10. Ng3 Bg6 11. Bd3 Bxd3 12. Qxd3 Nbd7 13. Bd2 Qb6 14.
O-O-O Rd8 15. Qa3 Bf8 16. Qa4 Qb5 17. Qxa7 Nd5 18. a4 Qb6 19. Qxb6 N7xb6 20.
Ba5 Ra8 21. Bxb6 Nxb6 22. b3 Nd5 23. Kb2 Nf4 24. Rhg1 Bg7 25. c3 Ke7 26. Rd2
Rhd8 27. Ne2 Ng6 28. g3 b5 29. Ra1 bxa4 30. Rxa4 Rab8 31. b4 Kf8 32. Kb3 Ne7
33. Rda2 Nd5 34. Nc1 c5 35. dxc5 Nxc3 36. Rc2 Nxa4 37. Kxa4 Ra8+ 38. Kb3
Rdb8 39. Nd2 Rb5 40. Nc4 Rab8 41. Nd3 e5 42. f3 f5 43. Ra2 e4 44. fxe4 fxe4
45. Nd6 exd3 46. Nxb5 Rxb5 47. Rd2 Bd4 48. Rxd3 Bxc5 49. Kc4 Rxb4+ 50. Kxc5
Rb1 51. Rd4 Kf7 52. h4 {Black forfeits on time} 1-0

[Event "ICCopen2017"]
[Site "Internet Chess Club"]
[Date "2017.03.26"]
[Round "6"]
[White "schiele"]
[Black "kaimann"]
[Result "1-0"]
[ICCResult "Black forfeits on time"]
[WhiteElo "1918"]
[BlackElo "1946"]
[Opening "Alekhine's defense: two pawns' (Lasker's) attack"]
[ECO "B02"]
[NIC "AL.10"]
[Time "20:07:39"]
[TimeControl "180+0"]

1. e4 Nf6 2. e5 Nd5 3. c4 Nb6 4. c5 Nd5 5. Bc4 c6 6. Nc3 Nxc3 7. bxc3 d5 8.
cxd6 exd6 9. exd6 Bxd6 10. Nf3 O-O 11. O-O Bg4 12. d4 Nd7 13. Rb1 b5 14. Bd3
Qf6 15. Be4 Rac8 16. Qd3 g6 17. Bg5 Qg7 18. h3 Be6 19. Qd2 Rfe8 20. Rfe1 Nf6
21. Bd3 Nd5 22. a4 a6 23. axb5 axb5 24. Ne5 Nb6 25. Nxc6 Rxc6 26. Bxb5 Rec8
27. Bxc6 Rxc6 28. d5 Nxd5 29. Qxd5 Bxd5 30. Re8+ Bf8 31. Rbb8 Rxc3 32. Bf4
Rc6 33. Rbd8 Qa1+ 34. Kh2 Be6 35. Rxf8+ Kg7 36. Be3 Rc4 37. g3 h5 38. h4 Qe5
39. Rg8+ Kf6 40. Bg5+ Kf5 41. Rd3 Qe2 42. Be3 {Black forfeits on time} 1-0

[Event "ICCopen2017"]
[Site "Internet Chess Club"]
[Date "2017.03.26"]
[Round "6"]
[White "MDRAFE3"]
[Black "xvs"]
[Result "1-0"]
[ICCResult "Black forfeits on time"]
[WhiteElo "1971"]
[BlackElo "1701"]
[Opening "Colle system"]
[ECO "D05"]
[NIC "QO.17"]
[Time "20:07:30"]
[TimeControl "180+0"]

1. d4 e6 2. Nf3 d5 3. e3 Nf6 4. Bd3 c5 5. c3 Nc6 6. O-O Be7 7. Nbd2 O-O 8.
dxc5 Bxc5 9. e4 Ng4 10. Nb3 Bd6 11. Qe2 Nge5 12. Nxe5 Nxe5 13. Bc2 Qh4 14.
f4 Ng4 15. h3 Nh6 16. e5 Bc7 17. Be3 Nf5 18. Bxf5 exf5 19. Rad1 Be6 20. Nd4
Bb6 21. Kh1 Qg3 22. Rf3 Qg6 23. Nb5 d4 24. Bxd4 Bd5 25. Rff1 Qh6 26. Kh2 Be4
27. Nd6 Bc6 28. Nxf5 Bb5 29. Qxb5 Qh5 30. Ng3 Qg6 31. Bxb6 axb6 32. f5 Qg5
33. a3 Rad8 34. Qxb6 h5 35. Rxd8 Rxd8 36. Qf2 h4 37. Nh1 Rd3 38. Qf4 Qh5 39.
Rf2 Rd1 40. Rd2 Rxd2 41. Qxd2 f6 42. Qf2 {Black forfeits on time} 1-0

[Event "ICCopen2017"]
[Site "Internet Chess Club"]
[Date "2017.03.26"]
[Round "6"]
[White "Peaceful-Death"]
[Black "RobertoJBM"]
[Result "0-1"]
[ICCResult "White forfeits on time"]
[WhiteElo "2027"]
[BlackElo "2725"]
[Opening "Caro-Kann defense"]
[ECO "B10"]
[NIC "CK.01"]
[Time "20:07:20"]
[TimeControl "180+0"]

1. e4 c6 2. Nf3 d5 3. exd5 cxd5 4. d4 Nf6 5. Bd3 Bg4 6. h3 Bxf3 7. Qxf3 e6
8. Bg5 Be7 9. O-O Nc6 10. a3 Rc8 11. c3 O-O 12. Nd2 Na5 13. Rae1 a6 14. Qg3
Nh5 15. Bxe7 Nxg3 16. Bxd8 Nxf1 17. Bxa5 Nxd2 18. Bb4 Rfd8 19. Be7 Rd7 20.
Bg5 Nc4 21. Re2 b5 22. Bxc4 Rxc4 23. Bc1 Rdc7 24. Bf4 Rc8 25. Bd2 Kf8 26. f4
g6 27. Kf2 Ke7 28. Kf3 Kd7 29. Kg4 f6 30. Kh4 a5 31. g4 Re8 32. Kg3 Re7 33.
h4 Rc8 34. Rf2 Rf8 35. g5 Ref7 36. Re2 Rh8 37. Re3 h6 38. gxf6 Rxf6 39. Re5
Rf5 40. Re2 Rb8 41. Kg4 Ke7 42. Kg3 Kf7 43. Kg4 Kf6 44. Re1 Ke7 45. Re2 Rb7
46. Re1 Kf7 47. Re2 Ke7 48. Re1 Kd6 49. Re2 Rff7 50. Re1 Rfc7 51. Re5 Rg7
52. Re2 Rbf7 53. Re1 Rf5 54. Re2 Rg8 55. Re1 Rgf8 56. Re2 Ra8 57. Re1 Rff8
58. Re2 Rfc8 59. Re1 Rc7 60. Re2 Rc4 61. Re1 Ra7 62. Re5 Rb7 63. Re1 Rg7 64.
Re2 Rgc7 65. Re1 Rf7 66. Re2 Rb7 67. Re5 b4 68. axb4 axb4 69. cxb4 Rxd4 70.
Bc3 Rdxb4 71. Bxb4+ Rxb4 72. Re2 Ke7 73. Kf3 Kf6 74. Rc2 Kf5 75. Rc6 Rxf4+
76. Ke3 Re4+ 77. Kd3 g5 78. hxg5 hxg5 79. Kc3 g4 80. b4 g3 81. Rc8 Rg4 82.
Rf8+ Ke4 83. Rf1 d4+ 84. Kc4 e5 85. Re1+ Kf5 86. Kd5 g2 87. Rxe5+ Kf6 88.
Re6+ Kf7 89. Re1 g1=Q 90. Rxg1 Rxg1 91. Kxd4 Rc1 92. b5 Ke7 93. b6 Kd7 94.
Kd5 Kc8 95. Kd4 Kb8 96. Kd3 Rc8 97. Kd4 Re8 {White forfeits on time} 0-1

[Event "ICCopen2017"]
[Site "Internet Chess Club"]
[Date "2017.03.26"]
[Round "6"]
[White "ziggyalbert"]
[Black "HighGround"]
[Result "0-1"]
[ICCResult "White forfeits on time"]
[WhiteElo "1272"]
[BlackElo "1353"]
[Opening "English: Caro-Kann defensive system"]
[ECO "A11"]
[NIC "EO.64"]
[Time "20:07:51"]
[TimeControl "180+0"]

1. c4 c6 2. Nc3 d5 3. cxd5 cxd5 4. g3 e6 5. Bg2 Nf6 6. d3 Bb4 7. Bd2 Nc6 8.
Nf3 Be7 9. O-O O-O 10. a3 a6 11. b4 b5 12. Ng5 h6 13. Nf3 Bb7 14. Bf4 Bd6
15. Bxd6 Qxd6 16. Qd2 Rac8 17. Rac1 Ne5 18. Nxe5 Qxe5 19. e4 Rfd8 20. exd5
Nxd5 21. Rfe1 Qd6 22. Ne4 Qe7 23. Nc5 Bc6 24. Nxa6 Qa7 25. Nc5 Qxa3 26. Ra1
Qc3 27. Qxc3 Nxc3 28. Bxc6 Rxc6 29. Kf1 Rcd6 30. Re3 Nd5 31. Ree1 Nxb4 32.
Rab1 Nc2 33. Rec1 Nd4 34. Rb4 Rd5 35. Ne4 Rb8 36. Rc3 f5 37. Nd2 e5 38. Rc7
Rb6 39. Nb3 Nxb3 40. Rxb3 Rbd6 41. Rb7 Rxd3 42. R3xb5 Rd1+ 43. Kg2 R6d5 44.
Rb8+ Kh7 45. R5b6 e4 46. Rf8 e3 {White forfeits on time} 0-1

[Event "ICCopen2017"]
[Site "Internet Chess Club"]
[Date "2017.03.26"]
[Round "6"]
[White "atoz"]
[Black "Shafkat"]
[Result "1-0"]
[ICCResult "Black forfeits on time"]
[WhiteElo "1413"]
[BlackElo "1628"]
[Opening "English opening"]
[ECO "A20"]
[NIC "EO.24"]
[Time "20:06:59"]
[TimeControl "180+0"]

1. c4 e5 2. g3 Nf6 3. Bg2 Nc6 4. Nc3 Bb4 5. e3 O-O 6. Nge2 Re8 7. O-O h6 8.
a3 Bf8 9. d4 exd4 10. exd4 d6 11. Be3 Bg4 12. Qd2 Rb8 13. h3 Bh5 14. Kh2 a6
15. f4 Qd7 16. f5 g6 17. g4 gxf5 18. gxh5 Nxh5 19. Bxh6 Kh7 20. Bg5 d5 21.
cxd5 Qd6+ 22. Bf4 Nxf4 23. Qxf4 Qxf4+ 24. Nxf4 Nxd4 25. Rae1 Rxe1 26. Rxe1
Bd6 27. Rf1 Rg8 28. Kh1 Rg3 29. Nh5 Rg5 30. Nf6+ Kg6 31. Ne8 Bc5 32. Nxc7
Nc2 33. Nd1 Nd4 34. Ne8 Ne2 35. Rf3 Ng3+ 36. Kh2 Ne4 37. d6 Nxd6 38. Nxd6
Bxd6+ 39. Kh1 f6 40. Rd3 Bf4 41. Rd7 Rg3 42. Rxb7 Rd3 43. Nf2 Rd2 44. Kg1
Be3 45. Kh2 Bxf2 46. Rb6 Bh4 47. Rxa6 Rxb2 48. a4 Rb3 49. a5 Bg3+ 50. Kg1
Rb1+ 51. Bf1 Ra1 52. Kg2 Ra3 53. Ra8 Be5 54. a6 Bd4 55. h4 Ra5 56. Rd8 Kh5
57. Rxd4 {Black forfeits on time} 1-0

[Event "ICCopen2017"]
[Site "Internet Chess Club"]
[Date "2017.03.26"]
[Round "6"]
[White "iragefree"]
[Black "BlueJ"]
[Result "1-0"]
[ICCResult "Black checkmated"]
[WhiteElo "1708"]
[BlackElo "2003"]
[Opening "Nimzo-Indian: Sämisch, O'Kelly variation"]
[ECO "E26"]
[NIC "NI.19"]
[Time "20:07:21"]
[TimeControl "180+0"]

1. d4 Nf6 2. c4 e6 3. Nc3 Bb4 4. a3 Bxc3+ 5. bxc3 c5 6. e3 b6 7. Bd3 Nc6 8.
Ne2 Ba6 9. e4 O-O 10. Bg5 h6 11. Bh4 e5 12. d5 Na5 13. O-O Bxc4 14. f4 Qe7
15. fxe5 Qxe5 16. Bxf6 gxf6 17. Rf5 Qe7 18. Ng3 Bxd3 19. Qxd3 Kh7 20. Nh5
Rg8 21. Nxf6+ Kg7 22. Qg3+ Kh8 23. Nxg8 Rxg8 24. Qe5+ Qxe5 25. Rxe5 d6 26.
Rf5 Rg7 27. Raf1 Kg8 28. Rf6 Nc4 29. Rxh6 b5 30. Rb1 a6 31. Rf1 Rg4 32. Rhf6
Rg7 33. h3 Kf8 34. a4 Ke7 35. axb5 axb5 36. Rh6 Nd2 37. Ra1 Rg6 38. Rxg6
fxg6 39. Ra5 Nxe4 40. Rxb5 Nxc3 41. Rb7+ Kf6 42. Rd7 Ne4 43. Kf1 c4 44. Ke2
Ke5 45. Rg7 g5 46. Ke3 Kxd5 47. Rc7 Nc5 48. Rg7 Ne6 49. Rg6 c3 50. Kd3 Ke5
51. Rg8 Nf4+ 52. Kxc3 Nxg2 53. Rxg5+ Kf4 54. Rxg2 Kf3 55. Rd2 d5 56. Rxd5
Kg3 57. Rh5 Kh2 58. Rh8 Kg3 59. h4 Kf4 60. h5 Kg4 61. h6 Kg5 62. h7 Kg6 63.
Ra8 Kg7 64. Ra7+ Kg6 65. Ra6+ Kg5 66. Ra7 Kg4 67. h8=Q Kg3 68. Qg8+ Kf2 69.
Rf7+ Ke3 70. Qe8# {Black checkmated} 1-0

[Event "ICCopen2017"]
[Site "Internet Chess Club"]
[Date "2017.03.26"]
[Round "6"]
[White "Radar777"]
[Black "DrJon"]
[Result "0-1"]
[ICCResult "White forfeits on time"]
[WhiteElo "1350"]
[BlackElo "1353"]
[Opening "Dutch"]
[ECO "A80"]
[NIC "HD.12"]
[Time "20:07:53"]
[TimeControl "180+0"]

1. d4 f5 2. e3 g6 3. Bd3 Bg7 4. Nd2 b6 5. Qe2 Bb7 6. f4 e6 7. c3 Nf6 8. h3
Ne4 9. Bxe4 fxe4 10. h4 d5 11. g4 Bf6 12. h5 Bh4+ 13. Kd1 gxh5 14. g5 Bxg5
15. fxg5 Qxg5 16. Nf1 Qg4 17. Kc2 Qxe2+ 18. Nxe2 c5 19. Nf4 cxd4 20. Nxe6
dxc3 21. Nc7+ Kd7 22. Nxa8 cxb2 23. Bxb2 Rf8 24. Nxb6+ axb6 25. Rxh5 Rf2+
26. Kb3 Ba6 27. Rxd5+ Kc6 28. Re5 Nd7 29. Rxe4 Nc5+ 30. Ka3 Nxe4 31. Bd4
Bxf1 32. Rc1+ Kd5 33. Bxb6 Bb5 34. Bd4 h5 35. Kb3 Nd2+ 36. Kb4 Be2 37. a4 h4
38. Rc5+ Ke4 39. Rc7 h3 40. Rh7 h2 41. Bc3 Nf3 42. a5 Kxe3 43. Kc5 Bd3 44.
Rh5 Kf4 45. Kb6 Rc2 46. Bb4 Rb2 47. Kc5 Ne5 48. Bc3 Nd7+ 49. Kc6 Bb5+
{White forfeits on time}
0-1

[Event "ICCopen2017"]
[Site "Internet Chess Club"]
[Date "2017.03.26"]
[Round "6"]
[White "LiangLiang"]
[Black "bennywins"]
[Result "0-1"]
[ICCResult "White forfeits on time"]
[WhiteElo "1690"]
[BlackElo "1512"]
[Opening "Réti: Nimzovich-Larsen attack"]
[ECO "A06"]
[NIC "QP.09"]
[Time "20:07:48"]
[TimeControl "180+0"]

1. Nf3 d5 2. b3 Nf6 3. Bb2 Bf5 4. g3 h6 5. Bg2 Nc6 6. d3 e6 7. e3 Bb4+ 8.
Nbd2 O-O 9. Qe2 a5 10. O-O a4 11. a3 Be7 12. b4 Na7 13. Rfd1 c5 14. bxc5
Bxc5 15. c4 dxc4 16. Nxc4 Qe7 17. e4 Bg4 18. d4 b5 19. dxc5 bxc4 20. Qxc4
Rfc8 21. Bd4 Nxe4 22. Ne5 Bf5 23. Be3 Nxc5 24. Bxa8 Nb3 25. Qxa4 Nxa1 26.
Rxa1 Rxa8 27. Nc6 Qd7 28. Bxa7 Be4 29. Rd1 Qxc6 30. Qxc6 Bxc6 31. Bc5 Ra5
32. Rc1 Ra4 33. Bb4 Bd5 34. Rc8+ Kh7 35. Rc5 Bc4 36. Kg2 Ra7 37. Rxc4 Re7
38. Bxe7 e5 39. a4 e4 40. a5 e3 41. a6 e2 42. Re4 e1=Q 43. Rxe1 f6 44. a7
Kg6 45. a8=Q Kh7 {White forfeits on time} 0-1

[Event "ICCopen2017"]
[Site "Internet Chess Club"]
[Date "2017.03.26"]
[Round "6"]
[White "unkavalo"]
[Black "Realboy"]
[Result "1-0"]
[ICCResult "Black forfeits on time"]
[WhiteElo "2481"]
[BlackElo "2942"]
[Opening "English: Anglo-Grünfeld defense"]
[ECO "A16"]
[NIC "EO.51"]
[Time "20:07:39"]
[TimeControl "180+0"]

1. c4 Nf6 2. Nc3 d5 3. cxd5 Nxd5 4. Nf3 g6 5. g3 Bg7 6. Bg2 O-O 7. O-O Nc6
8. d4 Nb6 9. d5 Na5 10. e4 c6 11. Nd4 cxd5 12. exd5 Nac4 13. b3 Nd6 14. Bb2
Bd7 15. Re1 Rc8 16. Rc1 Nf5 17. Nxf5 Bxf5 18. h3 Bh6 19. f4 Bg7 20. Kh2 h5
21. Re2 Qd7 22. Qe1 Rc7 23. a4 Rfc8 24. Nb5 Rxc1 25. Bxc1 a6 26. Na3 Nxd5
27. Nc4 b5 28. Bxd5 Qxd5 29. Nb6 Rxc1 30. Nxd5 Rxe1 31. Rxe1 Be6 32. Nxe7+
Kf8 33. Nc6 Bxb3 34. axb5 axb5 35. Ne5 Bd5 36. Nd7+ Kg8 37. Re8+ Kh7 38.
Nf8+ Kh6 39. Nd7 Bc6 40. Re7 f5 41. Ne5 Bd5 42. Rd7 Bc4 43. Rd6 Bxe5 44.
fxe5 b4 45. e6 Kg7 46. Rd7+ Kf6 47. e7 Kf7 48. Rc7 Be6 49. Rb7 b3 50. h4 Bd5
51. Rb5 Bc4 52. Rb4 Bd5 53. Rb5 Be6 54. Rb7 Bd5 55. Rb6 Be6 56. Kg1 Kxe7 57.
Kf2 Kf6 58. Ke3 Kf7 59. Kd4 Kg7 60. Ke5 {Black forfeits on time} 1-0

[Event "ICCopen2017"]
[Site "Internet Chess Club"]
[Date "2017.03.26"]
[Round "6"]
[White "tirandopiezas"]
[Black "vishweshk"]
[Result "0-1"]
[ICCResult "White forfeits on time"]
[WhiteElo "2000"]
[BlackElo "1836"]
[Opening "French: advance, Nimzovich system"]
[ECO "C02"]
[NIC "FR.03"]
[Time "20:07:39"]
[TimeControl "180+0"]

1. e4 e6 2. d4 d5 3. e5 c5 4. Nf3 Nc6 5. Bd3 Bd7 6. O-O Rc8 7. a3 c4 8. Be2
Nge7 9. Nc3 Nf5 10. Kh1 Nh4 11. Nxh4 Qxh4 12. Qd2 Qd8 13. f4 g6 14. Bf3 h5
15. Qf2 Qe7 16. Be3 Bh6 17. Nb5 O-O 18. Nd6 Rb8 19. f5 Bxe3 20. Qxe3 exf5
21. Bxd5 Be6 22. Bxe6 Qxe6 23. Qh6 Nxd4 24. c3 Qxe5 25. Nxf7 Rxf7 26. cxd4
Qg7 27. Qf4 Rd8 28. Rad1 Rfd7 29. Rfe1 Rxd4 30. Rxd4 Qxd4 31. Qc7 Qd2 32.
Rf1 Qd3 33. Re1 Qd2 34. Qxc4+ Kh7 35. Qf7+ Kh6 36. Rg1 Qd7 37. Qb3 Qd5 38.
Qe3+ Kh7 39. h3 Qd4 40. Qe7+ Kh6 41. Rc1 Qd7 42. Qe3+ Kh7 43. Qxa7 b5 44.
Qxd7+ Rxd7 45. Rc5 Rd1+ 46. Kh2 Rd2 47. Rxb5 f4 48. Kg1 Kh6 49. h4 g5 50.
Rb6+ Kg7 51. hxg5 Rd3 52. Kf2 h4 53. Rb4 Rd2+ 54. Kf3 Rd3+ 55. Kxf4 Rg3 56.
Rb7+ Kf8 57. Rb6 Rxg2 58. Kf5 Rf2+ 59. Kg6 Rd2 60. Rb8+ Ke7
{White forfeits on time}
0-1

[Event "ICCopen2017"]
[Site "Internet Chess Club"]
[Date "2017.03.26"]
[Round "6"]
[White "nadalthegreat"]
[Black "RdgMx"]
[Result "1/2-1/2"]
[ICCResult "Game drawn because neither player has mating material"]
[WhiteElo "2062"]
[BlackElo "1846"]
[Opening "Queen's gambit declined"]
[ECO "D30"]
[NIC "QO.17"]
[Time "20:07:53"]
[TimeControl "180+0"]

1. d4 e6 2. c4 d5 3. cxd5 exd5 4. Nc3 c6 5. g3 Nf6 6. Bg2 Bb4 7. Nf3 O-O 8.
O-O Re8 9. Re1 Bg4 10. h3 Bh5 11. Ne5 Nbd7 12. Nd3 Bd6 13. Bg5 h6 14. Bxf6
Nxf6 15. Qd2 Bg6 16. Nf4 Bxf4 17. Qxf4 Ne4 18. Nxe4 Bxe4 19. f3 Bg6 20. Qd2
Qf6 21. e4 dxe4 22. fxe4 Rad8 23. Rad1 Qe6 24. b3 Re7 25. Qf4 Qd6 26. e5 Qd7
27. d5 cxd5 28. Bxd5 Qe8 29. e6 Kh7 30. h4 fxe6 31. Be4 Rxd1 32. Rxd1 Bxe4
33. Qxe4+ Qg6 34. Qf4 Rf7 35. Qb8 Qg4 36. Rd2 Rf3 37. Kg2 Qf5 38. Qxb7 Rc3
39. Rf2 Rc2 40. Rxc2 Qxc2+ 41. Kh3 Qxa2 42. Qe4+ Kh8 43. Qxe6 Qf2 44. h5 Qf8
45. Kg4 Kh7 46. Qf5+ Qxf5+ 47. Kxf5 Kg8 48. Ke6 Kf8 49. g4 Ke8 50. b4 Kf8
51. b5 Ke8 52. Kd6 Kf7 53. Kc7 Kf6 54. Kb7 Kg5 55. Kxa7 Kxg4 56. b6 Kxh5 57.
b7 g5 58. b8=Q Kh4 59. Qd6 h5 60. Kb6 g4 61. Qf6+ Kh3 62. Kc5 h4 63. Kd4 g3
64. Ke3 Kh2 65. Kf3 h3 66. Qg5 g2 67. Qg3+ Kg1 68. Qf2+ Kh1 69. Kg3 g1=Q+
70. Qxg1+ Kxg1 71. Kxh3 {Game drawn because neither player has mating
material} 1/2-1/2

[Event "ICCopen2017"]
[Site "Internet Chess Club"]
[Date "2017.03.26"]
[Round "6"]
[White "see101"]
[Black "SONICS71"]
[Result "0-1"]
[ICCResult "White forfeits on time"]
[WhiteElo "1386"]
[BlackElo "1755"]
[Opening "Alekhine's defense: four pawns attack, 6...Nc6"]
[ECO "B03"]
[NIC "AL.07"]
[Time "20:07:58"]
[TimeControl "180+0"]

1. e4 Nf6 2. e5 Nd5 3. d4 d6 4. c4 Nb6 5. f4 dxe5 6. fxe5 Nc6 7. Nf3 Bg4 8.
Be3 Qd7 9. Be2 O-O-O 10. Nc3 Bxf3 11. Bxf3 Nxd4 12. Be4 Nxc4 13. Bxd4 Qxd4
14. Qxd4 Rxd4 15. Rd1 Rxd1+ 16. Kxd1 Ne3+ 17. Ke2 Nc4 18. b3 Nxe5 19. Rd1 e6
20. Nb5 a6 21. Nd4 Bc5 22. Nf3 Nxf3 23. Bxf3 c6 24. Rc1 Bd4 25. b4 Kc7 26.
a4 Rd8 27. b5 axb5 28. axb5 c5 29. Rc4 Kb6 30. Ke1 Kxb5 31. Be2 Kb6 32. Rc1
Ra8 33. Kf1 Ra1 34. Rxa1 Bxa1 35. Ke1 Bd4 36. Kd2 Kc6 37. Kd3 b5 38. Kc2 c4
39. g4 Kc5 40. h4 f6 41. h5 g6 42. hxg6 hxg6 43. Bf3 f5 44. gxf5 exf5 45.
Bb7 b4 46. Bc8 f4 47. Bg4 g5 48. Bf3 Be3 49. Be2 Kd4 50. Kb2 c3+ 51. Kc2 Bd2
52. Kb3 Ke3 53. Bc4 c2 54. Kxc2 Bc3 55. Bf1 f3 56. Bh3 Ke2 57. Kb3 Ke1 58.
Kc4 f2 59. Kd5 f1=Q 60. Bxf1 Kxf1 61. Kc4 g4 62. Kd5 g3 63. Ke4 g2 64. Kf3
g1=Q 65. Ke4 Qh2 66. Kd5 Qh3 67. Kc4 Qh4+ 68. Kb3 Qh5 69. Kc2 Qg5 70. Kb3
Qg4 71. Ka4 Qg3 {White forfeits on time} 0-1

[Event "ICCopen2017"]
[Site "Internet Chess Club"]
[Date "2017.03.26"]
[Round "6"]
[White "sacov"]
[Black "garompon"]
[Result "0-1"]
[ICCResult "White checkmated"]
[WhiteElo "2171"]
[BlackElo "2604"]
[Opening "Queen's Indian: 4.Nc3"]
[ECO "E12"]
[NIC "NI.26"]
[Time "20:07:57"]
[TimeControl "180+0"]

1. d4 Nf6 2. Nf3 e6 3. c4 b6 4. Nc3 Bb4 5. Bg5 Bb7 6. e3 h6 7. Bh4 Bxc3+ 8.
bxc3 d6 9. Be2 g5 10. Bg3 Ne4 11. Qc2 Nd7 12. Bd3 Ndf6 13. O-O h5 14. h4 g4
15. Nd2 Nxd2 16. Qxd2 Qe7 17. Rae1 Ne4 18. Qc2 f5 19. Qa4+ Qd7 20. Qc2 O-O-O
21. a4 Qc6 22. a5 Rdf8 23. Bxe4 Qxe4 24. Qxe4 Bxe4 25. Ra1 Bd3 26. axb6 axb6
27. Rfc1 Bxc4 28. Ra7 Kd7 29. Rca1 Bd5 30. Rb1 Ra8 31. Rxa8 Rxa8 32. Rc1 b5
33. Bf4 Ra2 34. Bg5 Ra4 35. Kh2 Rc4 36. Rb1 Kc6 37. Rb3 Rxd4 38. Rxb5 Rd2
39. Rb8 Rxf2 40. Kg1 Rxg2+ 41. Kf1 Rc2 42. Bf6 g3 43. Rg8 g2+ 44. Kg1 Rc1+
45. Kf2 Rf1+ 46. Ke2 g1=Q 47. Rxg1 Rxg1 48. Kf2 Rg2+ 49. Ke1 Kb5 50. Kf1 Be4
51. Ke1 Kc4 52. Kf1 Kd3 53. Bg5 e5 54. Ke1 c5 55. Kf1 c4 56. Be7 Kxc3 57.
Bxd6 Kd3 58. Bxe5 c3 59. Bd6 c2 60. Ba3 Kxe3 61. Bc1+ Kf3 62. Bg5 Bd3+ 63.
Ke1 Re2+ 64. Kf1 f4 65. Kg1 c1=Q# {White checkmated} 0-1

[Event "ICCopen2017"]
[Site "Internet Chess Club"]
[Date "2017.03.26"]
[Round "6"]
[White "pagoda"]
[Black "cheslikeyomama"]
[Result "1-0"]
[ICCResult "Black forfeits on time"]
[WhiteElo "1776"]
[BlackElo "1522"]
[Opening "Robatsch (modern) defense"]
[ECO "A00"]
[NIC "VO.15"]
[Time "20:09:02"]
[TimeControl "180+0"]

1. Nc3 g6 2. e4 d6 3. d4 Bg7 4. Be3 Nh6 5. f3 f5 6. Qd2 Nf7 7. O-O-O O-O 8.
h4 Nc6 9. h5 fxe4 10. Nxe4 e5 11. d5 Nd4 12. hxg6 hxg6 13. Ne2 Nf5 14. Bf2
Bh6 15. Rxh6 N5xh6 16. g4 Kg7 17. N2g3 Nh8 18. Be3 Ng8 19. Be2 a5 20. Rh1
Nf7 21. Bd3 c6 22. Qh2 Re8 23. Qh7+ Kf8 24. Qxg6 cxd5 25. Ng5 Qe7 26. Rh7
Nxg5 27. Bxg5 Qxh7 28. Qxh7 e4 29. fxe4 dxe4 30. Nxe4 {Black forfeits on
time} 1-0

[Event "ICCopen2017"]
[Site "Internet Chess Club"]
[Date "2017.03.26"]
[Round "6"]
[White "rayhem"]
[Black "Piranha"]
[Result "1-0"]
[ICCResult "Black forfeits on time"]
[WhiteElo "1413"]
[BlackElo "1598"]
[Opening "Dutch with c4 & Nc3"]
[ECO "A85"]
[NIC "HD.05"]
[Time "20:10:42"]
[TimeControl "180+0"]

1. d4 f5 2. c4 Nf6 3. Nc3 g6 4. Bg5 Bg7 5. Qc2 d6 6. e4 Nc6 7. O-O-O e5 8.
dxe5 Nxe5 9. f4 Neg4 10. e5 h6 11. Bxf6 Nxf6 12. exf6 Qxf6 13. Nf3 O-O 14.
h4 Be6 15. Nd4 Bf7 16. Ndb5 Rfc8 17. Na3 a6 18. Nd5 Qd8 19. g4 c6 20. Ne3
Qe8 21. Rh3 fxg4 22. Nxg4 Qe6 23. Rg3 b5 24. Bd3 b4 25. Nb1 h5 26. f5 Qd7
27. Ne3 d5 28. fxg6 Be6 29. c5 d4 30. Nc4 Qd5 31. Nd6 Rf8 32. b3 Qe5 33. Bc4
Bxc4 34. Qxc4+ Kh8 35. Nf7+ Rxf7 36. Qxf7 Rf8 37. Qc4 d3 38. Rd2 Qe1+ 39.
Rd1 Qe5 40. Rd2 Qa1 41. Qg8+ Rxg8 42. Rgxd3 Qf6 43. Kd1 Qf1+ 44. Kc2 Qf6 45.
Kd1 {Black forfeits on time} 1-0

[Event "ICCopen2017"]
[Site "Internet Chess Club"]
[Date "2017.03.26"]
[Round "7"]
[White "oli2"]
[Black "GreyWarden"]
[Result "0-1"]
[ICCResult "White checkmated"]
[WhiteElo "1672"]
[BlackElo "1985"]
[Opening "English opening"]
[ECO "A16"]
[NIC "EO.64"]
[Time "20:17:44"]
[TimeControl "180+0"]

1. c4 Nf6 2. Nc3 g6 3. e4 d6 4. g3 Bg7 5. Bg2 O-O 6. Nge2 c5 7. O-O Nc6 8.
h3 Ne8 9. d3 Nc7 10. Be3 Ne6 11. Qd2 Ned4 12. f4 Rb8 13. Rf2 a6 14. g4 f5
15. exf5 gxf5 16. Kh2 fxg4 17. hxg4 Bxg4 18. Rg1 e6 19. Be4 Qh4+ 20. Kg2
Qh3# {White checkmated} 0-1

[Event "ICCopen2017"]
[Site "Internet Chess Club"]
[Date "2017.03.26"]
[Round "7"]
[White "weakfish"]
[Black "hipopotamos"]
[Result "0-1"]
[ICCResult "White checkmated"]
[WhiteElo "1274"]
[BlackElo "1184"]
[Opening "Ruy Lopez: old Steinitz defense"]
[ECO "C62"]
[NIC "RL.02"]
[Time "20:17:27"]
[TimeControl "180+0"]

1. e4 e5 2. Nf3 Nc6 3. Bb5 d6 4. h3 Nf6 5. Nc3 Be7 6. O-O O-O 7. Re1 Bd7 8.
d4 Qc8 9. dxe5 dxe5 10. Bxc6 Bxh3 11. Bd5 Qg4 12. g3 Bc5 13. Nxe5 Qxg3+ 14.
Kh1 Qg2# {White checkmated} 0-1

[Event "ICCopen2017"]
[Site "Internet Chess Club"]
[Date "2017.03.26"]
[Round "7"]
[White "kutittaja"]
[Black "rugsy"]
[Result "1-0"]
[ICCResult "Black resigns"]
[WhiteElo "1596"]
[BlackElo "1416"]
[Opening "English: ultra-symmetrical variation"]
[ECO "A36"]
[NIC "EO.31"]
[Time "20:17:24"]
[TimeControl "180+0"]

1. c4 c5 2. Nc3 Nc6 3. g3 g6 4. Bg2 Bg7 5. d3 Nf6 6. e4 O-O 7. Nge2 e6 8. h3
Nd4 9. Nxd4 cxd4 10. Ne2 e5 11. O-O d6 12. Kh2 Be6 13. Rb1 b6 14. b4 Rc8 15.
f4 Qc7 16. Bd2 Bd7 17. Ng1 a6 18. Nf3 h6 19. Nh4 g5 20. fxg5 hxg5 21. Bxg5
b5 22. Bxf6 Bxf6 23. Rxf6 {Black resigns} 1-0

[Event "ICCopen2017"]
[Site "Internet Chess Club"]
[Date "2017.03.26"]
[Round "7"]
[White "simplerxiao"]
[Black "marwan100"]
[Result "0-1"]
[ICCResult "White resigns"]
[WhiteElo "1962"]
[BlackElo "1702"]
[Opening "French: Tarrasch, closed variation, main line"]
[ECO "C06"]
[NIC "FR.17"]
[Time "20:18:06"]
[TimeControl "180+0"]

1. e4 e6 2. d4 d5 3. Nd2 Nf6 4. e5 Nfd7 5. Bd3 c5 6. c3 Nc6 7. Ne2 cxd4 8.
cxd4 f6 9. Nf4 Nxd4 10. Qh5+ Ke7 11. Ng6+ hxg6 12. Qxh8 Kf7 13. exf6 Nxf6
14. Nb3 Bb4+ 15. Bd2 Bxd2+ 16. Nxd2 Qxh8 {White resigns} 0-1

[Event "ICCopen2017"]
[Site "Internet Chess Club"]
[Date "2017.03.26"]
[Round "7"]
[White "Baerenstarker"]
[Black "Kokopelli"]
[Result "1-0"]
[ICCResult "Black resigns"]
[WhiteElo "1844"]
[BlackElo "1111"]
[Opening "QGA, Janowsky-Larsen variation"]
[ECO "D25"]
[NIC "QG.08"]
[Time "20:17:39"]
[TimeControl "180+0"]

1. d4 d5 2. c4 dxc4 3. Nf3 Nf6 4. e3 Bg4 5. Bxc4 e5 6. Qb3 Be6 7. Bxe6 fxe6
8. Qxe6+ Qe7 9. Qc8+ Qd8 10. Qxd8+ Kxd8 11. Nxe5 Bb4+ 12. Bd2 Bxd2+ 13. Nxd2
Ke7 14. Rc1 Rd8 15. Rxc7+ Ke8 16. Rxb7 Rd7 17. Nxd7 Nbxd7 18. Ke2 Rb8 19.
Rxb8+ Nxb8 20. Rc1 Nbd7 21. b4 Kf7 22. a4 {Black resigns} 1-0

[Event "ICCopen2017"]
[Site "Internet Chess Club"]
[Date "2017.03.26"]
[Round "7"]
[White "primerpaso"]
[Black "rayhem"]
[Result "1-0"]
[ICCResult "Black resigns"]
[WhiteElo "1620"]
[BlackElo "1384"]
[Opening "English: symmetrical variation"]
[ECO "A34"]
[NIC "EO.64"]
[Time "20:18:16"]
[TimeControl "180+0"]

1. c4 c5 2. Nc3 Nf6 3. g3 b6 4. Bg2 Nc6 5. Nf3 Bb7 6. O-O Qc7 7. d4 a6 8. d5
Ne5 9. Nd2 d6 10. e4 Nfg4 11. h3 Nf6 12. f4 Ng6 13. Nf3 Qc8 14. Kh2 h5 15.
e5 Ng4+ 16. hxg4 hxg4+ 17. Nh4 Nxh4 18. gxh4 Rxh4+ 19. Kg3 Rh3+ 20. Bxh3
gxh3 21. exd6 Qf5 22. Qg4 Qc2 23. d7+ Kd8 24. Rf2 {Black resigns} 1-0